 Dungeon Crawl Stone Soup version 0.25-a0-503-ge281fa6 (webtiles) character file.

Game seed: 15203965764937239389, levelgen mode: deterministic

1437 Ceann the Digger (level 8, -3/48 HPs)
             Began as an Octopode Earth Elementalist on Feb 13, 2020.
             Was a Follower of Vehumet.
             Slain by a wight
             ... wielding a cursed +2 dagger
              (8 damage)
             ... on level 6 of the Dungeon.
             The game lasted 00:18:55 (5084 turns).

Ceann the Digger (Octopode Earth Elementalist)      Turns: 5084, Time: 00:18:57

Health: -3/48      AC:  1    Str:  8    XL:     8   Next: 74%
Magic:  3/17       EV: 13    Int: 19    God:    Vehumet [*.....]
Gold:   309        SH:  0    Dex: 12    Spells: 13/19 levels left

rFire    . . .     SeeInvis .   w - +1 trident (vamp)
rCold    . . .     Gourm    .   (no shield)
rNeg     . . .     Faith    +   (helmet restricted)
rPois    .         Spirit   .   o - amulet of faith
rElec    .         Reflect  .   g - ring of protection from magic
rCorr    .         Harm     .   (no ring)
MR       +....                  (no ring)
Stlth    +++.......             (no ring)
HPRegen  0.16/turn              (no ring)
MPRegen  0.15/turn              (no ring)
                                (no ring)
                                (no ring)

@: heavily drained
A: almost no armour, stealthy swim, amphibious, 8 rings, constrict 8, camouflage
1, gelatinous body 1
a: Renounce Religion


You were on level 6 of the Dungeon.
You worshipped Vehumet.
Vehumet was aware of your devotion.
You were not hungry.

You visited 1 branch of the dungeon, and saw 6 of its levels.
You also visited: Ossuary.

You collected 309 gold pieces.

Inventory:

Hand Weapons
 w - a +1 vampiric trident (weapon)
Missiles
 B - 17 stones (quivered)
Jewellery
 g - a ring of protection from magic (left tentacle)
 j - a +3 amulet of reflection
 o - an amulet of faith (around mantle)
Wands
 x - a wand of flame (13)
 A - a wand of iceblast (14)
Scrolls
 a - 2 scrolls of identify
 b - a scroll of random uselessness {unknown}
 d - 4 scrolls of remove curse
 f - a scroll of amnesia
 h - a scroll of enchant armour
 i - 2 scrolls of fog {unknown}
 p - a scroll of teleportation
 r - a scroll of blinking {unknown}
 u - a scroll of enchant weapon {unknown}
 v - a scroll of noise {unknown}
 y - a scroll of summoning {unknown}
Potions
 e - 4 potions of curing
 k - a potion of haste
 l - a potion of ambrosia {unknown}
 m - 2 potions of might {unknown}
 n - 2 potions of brilliance {unknown}
 q - 3 potions of flight
 s - a potion of mutation
 t - a potion of heal wounds
 C - a potion of magic {unknown}
Comestibles
 c - 7 rations


   Skills:
 + Level 1.3(0.2) Fighting
 + Level 2.7(1.5) Polearms
 + Level 2.8(1.7) Dodging
 + Level 4.5(3.3) Stealth
 + Level 0.8(0.0) Unarmed Combat
 + Level 6.0(4.8) Spellcasting
 + Level 2.2(1.1) Conjurations
 + Level 1.0(0.0) Transmutations
 + Level 6.9(5.6) Earth Magic


You had 13 spell levels left.
You knew the following spells:

 Your Spells              Type           Power        Failure   Level  Hunger
a - Sandblast             Erth           ####..       1%          1    None
b - Passwall              Tmut/Erth      ###.....     6%          2    #......
d - Stone Arrow           Conj/Erth      ###...       10%         3    ##.....

Your spell library contained the following spells:

 Spells                   Type           Power        Failure   Level  Hunger
 Shock                    Conj/Air       #...         10%         1    None
 Lee's Rapid Deconstruct  Erth           ####......   34%         5    ######.
 Petrify                  Tmut/Erth      ###.....     36%         4    ####...


Dungeon Overview and Level Annotations

Branches:
Dungeon (6/15)            Ossuary (visited)
 Temple: D:4-7

Altars:
Ashenzari
Cheibriados
Dithmenos
Makhleb
Nemelex Xobeh
Okawaru
Trog
Vehumet
Yredelemnul

Annotations:
D:2 1 runed translucent door, Crazy Yiuf
D:4 2 runed translucent doors, relicbr's ghost, amateur DECj


Innate Abilities, Weirdness & Mutations

You cannot wear most types of armour.
You are very stealthy in the water. (Stealth+)
You are amphibious.
You can wear up to eight rings at the same time.
You can use your tentacles to constrict eight enemies at once.
Your skin changes colour to match your surroundings (Stealth+).
Your rubbery body absorbs attacks. (AC +1, EV +1)


Message History

The bullfrog barely misses you. The wight misses you.
Your magical contamination has completely faded away.
You begin to meditate on the wall.
You continue meditating on the rock.
The bullfrog closely misses you.
The wight hits you with a cursed +2 dagger.
* * * LOW HITPOINT WARNING * * *
You feel drained.
* * * LOW HITPOINT WARNING * * *
The bullfrog hits you.
* * * LOW HITPOINT WARNING * * *
You continue meditating on the rock.
The bullfrog barely misses you.
The wight hits you with a cursed +2 dagger.
* * * LOW HITPOINT WARNING * * *
You feel drained.
* * * LOW HITPOINT WARNING * * *
You continue meditating on the rock.
The bullfrog closely misses you.
The wight hits you with a cursed +2 dagger!
You die...

#........ #.. #........ ...
#........ #.# #........ ... #
#........ #.# .# #........
#.##.# ##..<..... #$ #....#
#......... ## #. #@.#
###......... ###...
#<###Fz####....>......
..#.#.##.#............####.##
##.._..............##### .#
..#.#..............## ##
#..................#
##..................#
##...................#
.....................#


You could see a bullfrog and a wight.

Vanquished Creatures
  Grinder (D:3)
  Eustachio (D:5)
  A water moccasin (D:5)
  An ogre (D:4)
  A phantom (D:4)
  2 howler monkeys (D:5)
  A crimson imp (D:6)
  2 centaur zombies (Ossuary)
  2 orc priests (D:3)
  A jelly (D:5)
  An orc wizard (D:3)
  A gnoll shaman (D:4)
  Ijyb (D:5)
  A worker ant (D:4)
  4 big kobold zombies (Ossuary)
  5 mummies (Ossuary)
  Robin (D:4)
  12 adders
  5 gnolls (D:4)
  A shadow imp (D:5)
  2 oozes (D:2)
  2 adder skeletons
  4 worms
  2 dart slugs (D:2)
  5 leopard geckos
  8 orcs
  3 ball pythons
  3 giant cockroaches (D:3)
  17 goblins
  9 hobgoblins
  4 jackals (D:3)
  7 kobolds
  2 quokkas
  9 bats
  5 frilled lizards
  3 hobgoblin zombies (Ossuary)
  A jackal skeleton (D:5)
  9 rats
140 creatures vanquished.

Notes
Turn   | Place    | Note
-------+----------+-------------------------------------------
     0 | D:1      | Ceann the Octopode Earth Elementalist began the quest for
                  | the Orb.
     0 | D:1      | Reached XP level 1. HP: 11/11 MP: 3/3
   125 | D:1      | Reached XP level 2. HP: 17/17 MP: 1/5
   533 | D:1      | Reached XP level 3. HP: 21/21 MP: 4/6
   676 | D:2      | Found a burning altar of Makhleb.
   676 | D:2      | Found a shattered altar of Ashenzari.
   676 | D:2      | Found a snail-covered altar of Cheibriados.
  1019 | D:2      | Reached XP level 4. HP: 27/27 MP: 2/8
  1081 | D:2      | Found a runed translucent door.
  1082 | D:2      | Noticed Crazy Yiuf
  1575 | D:3      | Noticed Grinder
  1645 | D:3      | Killed Grinder
  1645 | D:3      | Reached skill level 5 in Earth Magic
  1645 | D:3      | Reached XP level 5. HP: 31/31 MP: 0/11
  1645 | D:3      | Reached XP level 6. HP: 36/36 MP: 0/12
  2023 | D:3      | Reached XP level 7. HP: 41/41 MP: 8/14
  2403 | D:4      | Learned a level 2 spell: Passwall
  2407 | D:4      | Learned a level 3 spell: Stone Arrow
  2449 | D:4      | Reached skill level 5 in Spellcasting
  2496 | D:4      | Found a large runed translucent door.
  2498 | D:4      | Found a large runed translucent door.
  2503 | D:4      | Noticed relicbr's ghost (amateur DECj)
  2795 | D:4      | Found a basalt altar of Yredelemnul.
  2831 | D:4      | Found a radiant altar of Vehumet.
  2846 | D:4      | Noticed Robin
  3303 | D:4      | Killed Robin
  3327 | D:4      | Found an iron altar of Okawaru.
  3482 | D:4      | Became a worshipper of Vehumet
  3610 | D:5      | Entered Level 5 of the Dungeon
  3626 | D:5      | Found a sand-covered staircase.
  3631 | Ossuary  | Entered an ossuary
  3657 | Ossuary  | Reached XP level 8. HP: 27/46 MP: 2/16
  3661 | Ossuary  | Reached skill level 1 in Conjurations
  3906 | Ossuary  | Reached skill level 1 in Fighting
  4140 | D:5      | Found a shadowy altar of Dithmenos.
  4161 | D:5      | Noticed Ijyb
  4163 | D:5      | Reached skill level 1 in Polearms
  4176 | D:5      | Killed Ijyb
  4223 | D:5      | Noticed Eustachio
  4280 | D:5      | Killed Eustachio
  4397 | D:5      | Found a sparkling altar of Nemelex Xobeh.
  4701 | D:5      | Got a wavering silver ring
  4726 | D:5      | Identified the ring "Wosonum" {*Slow MP+9 Int+2 Dex+4} (You
                  | found it on level 5 of the Dungeon)
  5034 | D:6      | Found a bloodstained altar of Trog.
  5047 | D:6      | Reached * piety under Vehumet
  5047 | D:6      | Offered knowledge of Shock by Vehumet.
  5084 | D:6      | Slain by a wight

Levels and vault maps discovered:
D:1:      eino_arrival_water_cross, layout_loops_cross
D:2:      layout_loops_ring, chequers_temple_overflow_statue_of_worship,
          chequers_serial_rivers_marsh, minmay_pentomino_v4,
          uniq_crazy_yiuf_cottage
D:3:      layout_loops_ring, first_ration, hangedman_decor_slide_cut,
          minmay_between, uniq_grinder
D:4:      layout_basic, vehumet_altar_wand_db, kennysheep_mini_moat,
          overflow_temple_1_default, ebering_ghost_disaster_area, st_stairs_8,
          uniq_robin
D:5:      layout_basic, nicolae_overflow_crystal_walls, kennysheep_little_box,
          enter_ossuary_2, kennysheep_flooded_box, solitary_fountain,
          moated_statue, uniq_eustachio, uniq_ijyb
D:6:      layout_rooms, lemuel_crystal_altar

Skill      XL: |  1  2  3  4  5  6  7  8 |
---------------+-------------------------+-----
Earth Magic    | 4 5 6 |  6.9
Stealth        | 3 4 |  4.5
Spellcasting   | 4 5 6 |  6.0
Conjurations   | 2 |  2.2
Fighting       | 1 |  1.3
Polearms       | 2 |  2.7
Dodging        | |  2.8
Unarmed Combat | |  0.8
Transmutations | |  1.0

Action                   |  1- 3 |  4- 6 |  7- 9 || total
-------------------------+-------+-------+-------++-------
Melee: Unarmed           |    11 |    11 |    14 ||    36
       Constrict         |     6 |     4 |    15 ||    25
       Tentacles         |     1 |     2 |    15 ||    18
       Trident           |       |       |    56 ||    56
 Cast: Sandblast         |    55 |    58 |    46 ||   159
       Stone Arrow       |       |       |    64 ||    64
       Passwall          |       |       |     2 ||     2
  Use: Scroll            |       |       |    10 ||    10
       Potion            |       |       |     7 ||     7
 Stab: Sleeping          |       |       |     1 ||     1
  Eat: Chunk             |     1 |     3 |    10 ||    14
       Ration            |       |       |     1 ||     1
Armor: Skin              |     2 |     2 |     3 ||     7
Dodge: Dodged            |    17 |    15 |    70 ||   102
Block: Other             |     3 |     3 |    14 ||    20

Table legend:
 A = Non-vault XP
 B = Vault XP
 C = Vault XP percentage of total XP
 D = Non-vault monster count
 E = Vault monster count
 F = Vault count percentage of total count
                 A         B        C        D         E       F
            +---------+---------+-------+---------+---------+-------
      Total |    1168 |     885 |  43.1 |     103 |      37 |  26.4
            +---------+---------+-------+---------+---------+-------
        D:1 |      34 |       0 |   0.0 |      22 |       0 |   0.0
        D:2 |      76 |       9 |  10.6 |      20 |       2 |   9.1
        D:3 |     255 |     305 |  54.5 |      35 |       4 |  10.3
        D:4 |     421 |      42 |   9.1 |      14 |      15 |  51.7
        D:5 |     334 |     239 |  41.7 |      11 |       2 |  15.4
        D:6 |      48 |       0 |   0.0 |       1 |       0 |   0.0
    Ossuary |       0 |     290 | 100.0 |       0 |      14 | 100.0
            +---------+---------+-------+---------+---------+-------
